 Dungeon Crawl Stone Soup version 0.29-a0-649-g45c230d69a (webtiles) character file.

Game seed: 13238975644952720231

7911 Essalna the Zephyrmancer (level 11, -5/68 HPs)
             Began as a Tengu Air Elementalist on June 21, 2022.
             Was a Follower of Vehumet.
             Killed from afar by an electric eel (10 damage)
             ... with a bolt of electricity
             ... on level 2 of the Lair of Beasts.
             The game lasted 00:32:00 (15046 turns).

Essalna the Zephyrmancer (Tengu Air Elementalist)  Turns: 15046, Time: 00:32:01

Health: -5/68      AC:  7    Str: 10    XL:     11   Next: 22%
Magic:  3/23       EV:  9    Int: 19    God:    Vehumet [*.....]
Gold:   1951       SH:  5    Dex: 14    Spells: 15/25 levels left

rFire   + . .      SeeInvis +   g - +3 whip (elec)
rCold   . . .      Faith    .   (no shield)
rNeg    . . .      Spirit   .   Q - +0 troll leather armour
rPois   .          Reflect  +   (helmet restricted)
rElec   .          Harm     .   x - +0 cloak of Claustrophobia {Rampage}
rCorr   .          Rampage  +   f - +0 pair of gloves {Stlth+}
Will    .....                   (boots unavailable)
Stlth   +++.......              E - amulet of reflection
HPRegen 1.01/turn               H - ring of see invisible
MPRegen 0.18/turn               O - ring of protection from fire

@: petrifying, flying quickly and evasively, very slow
A: beak, talons 3, nimble flight
a: Renounce Religion


You were on level 2 of the Lair of Beasts.
You worshipped Vehumet.
Vehumet was aware of your devotion.
You visited 3 branches of the dungeon, and saw 14 of its levels.
You also visited: Bailey.

You collected 1951 gold pieces.

Inventory:

Hand Weapons
 g - a +3 whip of electrocution (weapon)
 l - a +2 mace of protection
Missiles
 i - 3 throwing nets
Armour
 a - a +0 robe
 e - a +0 crystal plate armour
 f - a +0 pair of gloves of stealth (worn)
 h - a +1 pair of gloves
 x - the +0 cloak of Claustrophobia (worn) {Rampage}
   (You found it on level 4 of the Dungeon)

   Rampage:   It bestows one free step when moving towards enemies.
 y - a +0 pair of gloves of strength
 Q - a +0 troll leather armour (worn)
Magical Staves
 u - a staff of earth
 J - a staff of poison
Jewellery
 E - an amulet of reflection (around neck)
 H - a ring of see invisible (left hand)
 O - a ring of protection from fire (right hand)
Wands
 G - a wand of iceblast (13)
 K - a wand of polymorph (5)
 N - a wand of mindburst (10)
Scrolls
 d - 10 scrolls of identify
 j - 3 scrolls of amnesia
 n - a scroll of noise
 o - 3 scrolls of vulnerability
 q - a scroll of magic mapping
 r - 3 scrolls of enchant weapon
 s - 3 scrolls of teleportation
 w - 2 scrolls of fear
 C - a scroll of acquirement
 F - a scroll of fog
Potions
 b - a potion of magic
 c - 2 potions of flight
 k - 3 potions of degeneration
 m - 5 potions of curing
 p - 2 potions of resistance {unknown}
 t - 2 potions of heal wounds {unknown}
 v - a potion of attraction {unknown}
 z - 5 potions of mutation {unknown}
 A - 2 potions of berserk rage {unknown}
 B - a potion of might {unknown}
 D - 2 potions of brilliance {unknown}
 L - a potion of cancellation {unknown}
 M - a potion of haste {unknown}
 P - a potion of ambrosia {unknown}


   Skills:
 + Level 7.7 Fighting
 + Level 4.9 Armour
 + Level 8.7 Dodging
 - Level 2.0 Stealth
 + Level 7.9 Spellcasting
 - Level 4.2 Conjurations
 + Level 11.6 Air Magic


You had 15 spell levels left.
You knew the following spells:

 Your Spells              Type           Power      Damage    Failure   Level
a - Shock                 Conj/Air       100%       1d9       1%          1
b - Airstrike             Air            25%        N/A       1%          4
c - Swiftness             Air            51%        N/A       1%          3
d - Static Discharge      Conj/Air       37%        N/A       1%          2

Your spell library contained the following spells:

 Spells                   Type           Power      Damage    Failure   Level
 Sandblast                Erth           14%        2d6       12%         1
 Sublimation of Blood     Necr           7%         N/A       19%         2
 Wereblood                Tmut           7%         N/A       19%         2
 Cause Fear               Hex            3%         N/A       77%         4
 Dragon Form              Tmut           3%         N/A       100%        7
 Summon Hydra             Summ           3%         N/A       100%        7
 Dragon's Call            Summ           3%         N/A       100%        9


Dungeon Overview and Level Annotations

Branches:
Dungeon (11/15)            Temple (1/1) D:7            Lair (2/6) D:11
    Orc (0/2) D:10         Bailey (visited)
  Swamp: Lair:2-4    Shoals: Lair:2-4     Snake: Lair:2-4    Spider: Lair:2-4

Altars:
Dithmenos
Fedhas
Hepliaklqana
Nemelex Xobeh
Okawaru
Ru
Sif Muna
Trog
Uskayaw
Vehumet
Wu Jian
Xom
Yredelemnul
Zin
The Shining One
Beogh

Shops:
D:10 (

Annotations:
D:9 2 transporters
D:11 Gastronok, Urug


Innate Abilities, Weirdness & Mutations

You have a beak for a mouth.
You have claws for feet.
Your magical nature lets you fly swiftly and evasively.


Message History

Unknown command.
The wolf bites you!
* * * LOW HITPOINT WARNING * * *
You fly downwards.
The yak bellows!
You hear a bellow!
The yak bellows! x2
Found a stone.
There is a stone staircase leading up here.
As you read the scroll of teleportation, it crumbles to dust.
You feel strangely unstable.
The yak bellows!
A yak comes into view.
The bullfrog hits you but does no damage.
An electric eel comes into view.
Found 6 stones.
Your surroundings suddenly seem different. 2 electric eels, a basilisk, a black mamba, 3 blink frogs, a yak and a rime drake come into view.
Found three items.
The blink frog croaks.
The yak bellows!
The blink frog croaks.
The basilisk hisses angrily.
The basilisk gazes at you.
You are slowing down.
The electric eel shoots out a bolt of lightning at you!
The bolt of electricity hits you!
* * * LOW HITPOINT WARNING * * *
The electric eel shoots out a bolt of lightning at you!
The bolt of electricity hits the electric eel.
The electric eel completely resists.
The bolt of electricity hits you.
* * * LOW HITPOINT WARNING * * *
A blink frog comes into view. x2
As you read the scroll labelled DIBLANW WARA, it crumbles to dust.
The creatures around you are filled with an inner flame!
It was a scroll of immolation.
A basilisk comes into view.
The electric eel shoots out a bolt of lightning at you!
The bolt of electricity hits you!
* * * LOW HITPOINT WARNING * * *
The blink frog blinks! x2
The electric eel shoots out a bolt of lightning at you!
The bolt of electricity hits you!
You die...

##.^!...... ##
...#......
#P#.........≈
###..#........≈
............≈S≈
......F.....Sl.
§...........≈≈?
l.§F...@.....S≈
.FF.......(.≈.≈≈.≈..
....................
....S...............
...F.........(......
....k.YY............
...Y...Y............
................#
....Y.....#


You could see a black mamba (inner flame), 4 yaks, 2 basilisks, 5 blink frogs, a
rime drake (wandering, inner flame) and 3 electric eels.

Vanquished Creatures
  Pikel (D:6)
  A gargoyle (D:11)
  2 trolls (D:11)
  A komodo dragon (D:10)
  Grinder (D:4)
  16 yaks
  A wraith (D:9)
  2 wyverns
  A steam dragon (D:7)
  2 wargs
  A water moccasin (D:8)
  7 orc warriors
  2 ice beasts (D:7)
  A sky beast (D:7)
  3 wolves (Lair:1)
  An ogre (D:5)
  2 centaurs (D:7)
  A phantom (D:6)
  Blork the orc (D:4)
  A gnoll sergeant (D:9)
  A scorpion (D:5)
  5 killer bees (D:9)
  7 howler monkeys
  6 hounds
  An orc priest (D:7)
  2 jellies
  6 iguanas
  6 orc wizards
  8 gnolls
  9 adders
  A shadow imp (D:6)
  3 white imps
  2 ufetubi (D:4)
  2 worms
  36 orcs
  4 ball pythons
  10 endoplasms
  6 giant cockroaches
  14 goblins
  3 hobgoblins
  7 jackals (D:2)
  7 kobolds
  6 quokkas
  8 bats
  6 frilled lizards
  7 rats
221 creatures vanquished.

Vanquished Creatures (others)
  4 fungi (D:1)
  3 plants (D:1)
7 creatures vanquished.

Grand Total: 228 creatures vanquished

Notes
Turn   | Place    | Note
-------+----------+-------------------------------------------
     0 | D:1      | Essalna the Tengu Air Elementalist began the quest for the
                  | Orb.
     0 | D:1      | Reached XP level 1. HP: 10/10 MP: 4/4
   124 | D:1      | Found a faded altar of an unknown god.
   252 | D:1      | Reached XP level 2. HP: 12/15 MP: 0/6
   983 | D:1      | Reached XP level 3. HP: 18/19 MP: 1/7
  1755 | D:2      | Reached XP level 4. HP: 24/24 MP: 7/9
  2012 | D:3      | Reached skill level 5 in Air Magic
  2337 | D:3      | Gained mutation: Your magical nature lets you fly swiftly
                  | and evasively. [Tengu growth]
  2337 | D:3      | Reached XP level 5. HP: 28/28 MP: 7/10
  2873 | D:3      | Learned a level 4 spell: Airstrike
  3330 | D:4      | Found a sacrificial altar of Ru.
  3393 | D:4      | Reached skill level 6 in Air Magic
  3393 | D:4      | Reached XP level 6. HP: 30/33 MP: 6/12
  3554 | D:4      | Noticed Blork the orc
  3572 | D:4      | Killed Blork the orc
  3573 | D:4      | Reached skill level 1 in Fighting
  3849 | D:4      | Identified the +0 cloak of Claustrophobia {Rampage}
  3945 | D:4      | Noticed Grinder
  3957 | D:4      | Killed Grinder
  3958 | D:4      | Reached XP level 7. HP: 28/40 MP: 5/14
  4814 | D:4      | Reached skill level 7 in Air Magic
  4989 | D:5      | Entered Level 5 of the Dungeon
  5820 | D:6      | Reached XP level 8. HP: 46/46 MP: 9/15
  5928 | D:6      | Noticed Pikel
  7698 | D:6      | Reached skill level 5 in Spellcasting
  7753 | D:7      | Learned a level 3 spell: Swiftness
  7833 | D:7      | Found a flagged portal.
  7839 | Bailey   | Entered a bailey
  7988 | Bailey   | Reached skill level 5 in Dodging
  7988 | Bailey   | Reached skill level 8 in Air Magic
  8259 | Bailey   | Reached XP level 9. HP: 52/52 MP: 5/18
  8397 | Bailey   | Identified the +4 plate armour of Gallantry {Dex+7}
  8740 | D:6      | Killed Pikel
  8741 | D:6      | Reached skill level 5 in Fighting
  8741 | D:6      | Reached skill level 9 in Air Magic
  9636 | D:7      | Found a staircase to the Ecumenical Temple.
  9778 | Temple   | Entered the Ecumenical Temple
  9810 | Temple   | Became a worshipper of Vehumet
 10763 | D:8      | Found a basalt altar of Yredelemnul.
 10763 | D:8      | Found a sparkling altar of Nemelex Xobeh.
 10772 | D:8      | Found an ornate altar of the Wu Jian Council.
 10774 | D:8      | Found a shimmering altar of Xom.
 10776 | D:8      | Found a hide-covered altar of Uskayaw.
 11034 | D:8      | Reached skill level 10 in Air Magic
 11269 | D:8      | Learned a level 2 spell: Static Discharge
 11687 | D:9      | Identified 2 scrolls of acquirement
 11687 | D:9      | Acquired 1123 gold pieces
 11702 | D:9      | Reached XP level 10. HP: 50/60 MP: 15/21
 11802 | D:9      | Found a transporter.
 11804 | D:9      | Found a transporter.
 11864 | D:9      | Reached skill level 1 in Armour
 12275 | D:9      | Reached * piety under Vehumet
 12275 | D:9      | Offered knowledge of Sandblast by Vehumet.
 13000 | D:10     | Entered Level 10 of the Dungeon
 13098 | D:10     | Noticed a boulder beetle
 13320 | D:10     | Found a staircase to the Orcish Mines.
 13333 | D:10     | Found Tocusm's Weapon Shoppe.
 13343 | D:10     | Reached skill level 11 in Air Magic
 14130 | D:11     | Identified the +2 chain mail of Mysticism {rElec rN+++
                  | rCorr Int-3}
 14162 | D:11     | Reached XP level 11. HP: 67/67 MP: 10/23
 14745 | D:11     | Noticed Gastronok
 14842 | D:11     | Found a staircase to the Lair.
 15001 | D:11     | Noticed Urug
 15017 | Lair:1   | Entered Level 1 of the Lair of Beasts
 15046 | Lair:2   | Killed from afar by an electric eel

Illustrated notes

Levels and vault maps discovered:
D:1:      minmay_arrival_jagged, layout_loops_ring,
          dreamdust_ecumenical_altar_grove
D:2:      layout_rooms
D:3:      layout_loops_ring
D:4:      minmay_octagon_keep, layout_basic, nicolae_ru_sacrificial_ziggurat,
          minmay_fountain_box, uniq_blork_the_orc, uniq_grinder
D:5:      layout_basic, serial_curves, eino_curves_01, eino_curves_01
D:6:      corexii_shack_village, layout_gridville, uniq_pikel
D:7:      layout_basic, minmay_temple_entry_junction, enter_bailey_3,
          kennysheep_generic_room_16
D:8:      layout_basic, chequers_temple_overflow_minitemple,
          kennysheep_generic_room_11
D:9:      gammafunk_beogh_shrine, layout_basic
D:10:     layout_loops_ring, orc_david_3
D:11:     layout_irregular_city, erik_lair_orcish_takeover,
          grunt_decor_arrowhead, nicolae_elyvilon_peaceful_grove,
          uniq_gastronok, uniq_urug
Temple:   eino_temple_scatter_basement
Lair:1:   layout_gridlike, nicolae_volcano_entry_s_turn,
          grunt_forest_large_clearings, lemuel_fruit_tree
Lair:2:   layout_small_grid, minmay_shoals_entry_beasts, disabler_island,
          serial_bayou_shore_a

Skill      XL: |  1  2  3  4  5  6  7  8  9 10 |
---------------+-------------------------------+-----
Conjurations   | 2 3 4 |  4.2
Air Magic      | 5 6 7 8 10 11 | 11.6
Spellcasting   | 3 4 5 6 7 |  7.9
Fighting       | 2 3 4 6 7 |  7.7
Dodging        | 3 4 5 7 8 |  8.7
Armour         | 4 |  4.9
Stealth        | |  2.0

Action                   |  1- 3 |  4- 6 |  7- 9 | 10-12 || total
-------------------------+-------+-------+-------+-------++-------
Melee: Unarmed           |     3 |       |       |       ||     3
       Kick              |     4 |     7 |       |     5 ||    16
       Mace              |    19 |    28 |       |       ||    47
       Peck              |       |     3 |       |     1 ||     4
       Punch             |       |     1 |       |       ||     1
       Whip              |       |       |       |    12 ||    12
 Cast: Shock             |    75 |    96 |   237 |   103 ||   511
       Airstrike         |       |       |    42 |    43 ||    85
       Swiftness         |       |       |     1 |       ||     1
       Static Discharge  |       |       |       |    23 ||    23
  Use: Potion            |       |     1 |     1 |     1 ||     3
       Scroll            |       |       |    14 |     4 ||    18
 Stab: Sleeping          |       |     1 |       |       ||     1
Armor: Robe              |     7 |     9 |     7 |     5 ||    28
       Troll leather arm |       |       |       |     3 ||     3
Dodge: Dodged            |    30 |    37 |    46 |    59 ||   172
Block: Other             |       |       |     9 |    17 ||    26
       Reflection        |       |       |     1 |     2 ||     3

Table legend: (Time is in decaauts)
 A = Elapsed time spent in this place.
 B = Non-inter-level travel time spent in this place.
 C = Inter-level travel time spent in this place.
 D = Time resting spent in this place.
 E = Time spent auto-exploring this place.
 F = Levels seen in this place.
 G = Mean time per level.
                   A        B        C        D        E       F      G
               +--------+--------+--------+--------+--------+-----+--------+
         Total |  14394 |  13558 |    836 |    561 |  11305 |  15 |  959.6 |
       Dungeon |  13563 |  12734 |    829 |    555 |  10724 |  11 | 1233.0 |
        Temple |     37 |     30 |      7 |      0 |     10 |   1 |   37.0 |
          Lair |     27 |     27 |      0 |      6 |      0 |   2 |   13.5 |
        Bailey |    765 |    765 |      0 |      0 |    570 |   1 |  765.0 |
               +--------+--------+--------+--------+--------+-----+--------+

Top non-repeatable levels by time:
     D:4: 1869 daAuts
     D:7: 1570 daAuts
     D:5: 1552 daAuts
     D:9: 1441 daAuts
     D:1: 1386 daAuts
     D:8: 1244 daAuts
     D:6: 1143 daAuts
     D:3: 981 daAuts
    D:11: 956 daAuts
    D:10: 793 daAuts
  Bailey: 765 daAuts
     D:2: 625 daAuts
  Temple: 37 daAuts
  Lair:1: 23 daAuts
  Lair:2: 4 daAuts
